 Dungeon Crawl Stone Soup version 0.31-a0-214-gb37851dbb3 (webtiles) character file.

Game seed: 566694686465822367

185 gelatine the Shooter (level 5, -5/39 HPs)
             Began as a Demonspawn Hunter on July 2, 2023.
             Slain by a gnoll
             ... wielding a +0 halberd
              (7 damage)
             ... on level 3 of the Dungeon.
             The game lasted 00:05:34 (2305 turns).

gelatine the Shooter (Demonspawn Hunter)            Turns: 2305, Time: 00:05:36

Health: -5/39      AC:  9    Str: 11    XL:     5   Next: 37%
Magic:  5/5        EV: 11    Int: 11    God:
Gold:   130        SH:  0    Dex: 18    Spells: 4/4 levels left

rFire   . . .        a - +0 shortbow
rCold   . . .        (shield currently unavailable)
rNeg    . . .        m - +3 ring mail
rPois   .            i - +1 hat
rElec   .            (no cloak)
rCorr   .            (no gloves)
SInv    .            (no boots)
Will    .....        (no amulet)
Stlth   ++           (no ring)
HPRegen 0.26/turn    (no ring)
MPRegen 0.09/turn

%: no passive effects
@: no status effects
A: hooves 1, foul stench 2
a: no special abilities


You were on level 3 of the Dungeon.
You visited 1 branch of the dungeon, and saw 3 of its levels.

You collected 130 gold pieces.

Inventory:

Hand Weapons
 a - a +0 shortbow (weapon)
Armour
 c - a +0 leather armour
 h - a +0 ring mail of fire resistance
 i - a +1 hat (worn)
 m - a +3 ring mail (worn)
Scrolls
 b - a scroll of butterflies
 d - 2 scrolls of immolation {unknown}
 e - 2 scrolls of silence {unknown}
 j - a scroll of revelation {unknown}
 l - 2 scrolls of identify {unknown}
 n - a scroll of amnesia {unknown}
 o - a scroll of fear {unknown}
 p - a scroll of noise {unknown}
Potions
 f - 2 potions of degeneration {unknown}
 g - a potion of curing {unknown}
 k - a potion of enlightenment {unknown}
 q - a potion of mutation {unknown}
 r - a potion of attraction {unknown}


   Skills:
 * Level 2.6 Fighting
 * Level 5.2 Ranged Weapons
 * Level 1.1 Armour
 * Level 2.1 Dodging
 * Level 1.9 Stealth


You had 4 spell levels left.
You didn't know any spells.
Your spell library contained the following spells:

 Spells                   Type           Power      Damage    Failure   Level
 Hailstorm                Conj/Ice       0%         3d3       94%         3
 Ice Form                 Ice/Tmut       0%         N/A       100%        4
 Simulacrum               Ice/Necr       0%         N/A       100%        6


Dungeon Overview and Level Annotations

Branches:
Dungeon (3/15)

Altars:


Innate Abilities, Weirdness & Mutations

You have large cloven feet.
You sometimes emit foul miasma when damaged in melee.


Message History

You shoot an arrow. The arrow hits the gnoll.
You kill the gnoll!
A gnoll is nearby!
You shoot an arrow. The arrow barely misses the gnoll.
The gnoll shouts!
You shoot an arrow. The arrow closely misses the gnoll.
You shoot an arrow.
The arrow hits the gnoll but does no damage.
You shoot an arrow. The arrow hits the gnoll.
The gnoll is lightly wounded.
You shoot an arrow. The arrow hits the gnoll.
The gnoll is heavily wounded.
The gnoll hits you from afar with a +0 halberd! x2
You are too injured to fight recklessly!
Unknown command.
Fire: a) +0 shortbow
Press: ? - help, Q - select action Shift-Dir - straight line, f/p - gnoll
Aim: a gnoll, wielding a +0 halberd (heavily wounded, 68% to hit)
You shoot an arrow. The arrow completely misses the gnoll.
The gnoll closely misses you.
Fire: a) +0 shortbow
Press: ? - help, Q - select action Shift-Dir - straight line, f/p - gnoll
Aim: a gnoll, wielding a +0 halberd (heavily wounded, 68% to hit)
You shoot an arrow. The arrow closely misses the gnoll.
The gnoll hits you from afar with a +0 halberd!
* * * LOW HITPOINT WARNING * * *
Fire: a) +0 shortbow
Press: ? - help, Q - select action Shift-Dir - straight line, f/p - gnoll
Aim: a gnoll, wielding a +0 halberd (heavily wounded, 68% to hit)
You shoot an arrow. The arrow barely misses the gnoll.
The gnoll hits you from afar with a +0 halberd.
* * * LOW HITPOINT WARNING * * *
The gnoll misses you.
Fire: a) +0 shortbow
Press: ? - help, Q - select action Shift-Dir - straight line, f/p - gnoll
Aim: a gnoll, wielding a +0 halberd (heavily wounded, 68% to hit)
You shoot an arrow. The arrow hits the gnoll.
The gnoll is almost dead.
The gnoll hits you from afar with a +0 halberd!
You die...

####...........#.......#.##
#####..................##.#
#.....<....#.#.#........#.##
#............#.#........##.#
#...........#..##........#..
#............>...........##'
######..............#.........#..
#.[..............##...........#..
#.#########..###@####...<.....#.≈
## #### #)# ##.........#.≈
8###8###. #g# #..........#.≈
g....g..# #.# #..........#..
gg......# #.# #.........##..
#..## #.# ##.........##' #g.8#
#.# ##.....#####..
#..#####.###.......# ##.# #..#
#....##.......###.##


You could see a gnoll.

Vanquished Creatures
  A scorpion (D:3)
  3 gnolls (D:3)
  3 adders
  4 worms
  A dart slug (D:1)
  8 bats
  5 endoplasms
  A giant cockroach (D:3)
  A goblin (D:2)
  4 hobgoblins
  6 jackals
  5 kobolds
  2 quokkas (D:2)
  6 ball pythons
  2 frilled lizards
  2 rats
54 creatures vanquished.

Notes
Turn   | Place    | Note
-------+----------+-------------------------------------------
     0 | D:1      | gelatine the Demonspawn Hunter began the quest for the Orb.
     0 | D:1      | Reached XP level 1. HP: 16/16 MP: 1/1
   166 | D:1      | Reached skill level 1 in Stealth
   219 | D:1      | Reached skill level 4 in Ranged Weapons
   219 | D:1      | Gained mutation: You have large cloven feet. [demonic
                  | ancestry]
   219 | D:1      | Reached XP level 2. HP: 22/22 MP: 2/2
   741 | D:2      | Gained mutation: You may rarely emit foul miasma when
                  | damaged in melee. [demonic ancestry]
   741 | D:2      | Reached XP level 3. HP: 24/27 MP: 3/3
  1608 | D:3      | Gained mutation: You sometimes emit foul miasma when
                  | damaged in melee. [demonic ancestry]
  1608 | D:3      | Reached XP level 4. HP: 33/33 MP: 4/4
  1694 | D:3      | Noticed a scorpion
  1701 | D:3      | Killed a scorpion
  1702 | D:3      | Reached skill level 5 in Ranged Weapons
  1798 | D:3      | Reached XP level 5. HP: 33/39 MP: 5/5
  1904 | D:3      | Identified the +9 whip of the Inviting Gods {flame, *Slow
                  | rElec rPois rF+}
  2034 | D:3      | Reached skill level 1 in Armour
  2305 | D:3      | Slain by a gnoll

Illustrated notes

Levels and vault maps discovered:
D:1:      shiori_arrival_elements, layout_basic, serial_bayou_ford_a
D:2:      layout_loops_ring
D:3:      layout_rooms, serial_corexii_hall, chequers_hall_statues_corner_a,
          chequers_hall_statues_corner_a, chequers_hall_statues_wall_a,
          grunt_decor_clamped, hangedman_decor_points

Skill      XL: |  1  2  3  4  5 |
---------------+----------------+-----
Stealth        | 1 |  1.9
Ranged Weapons | 4 5 |  5.2
Dodging        | 2 |  2.1
Armour         | 1 |  1.1
Fighting       | |  2.6

Action                     |  1- 3 |  4- 6 || total
---------------------------+-------+-------++-------
   Fire: Shortbow          |   124 |    78 ||   202
 Armour: Leather armour    |    24 |       ||    24
         Ring mail         |     3 |    14 ||    17
  Dodge: Dodged            |    44 |    16 ||    60

Table legend: (Time is in decaauts)
 A = Elapsed time spent in this place.
 B = Non-inter-level travel time spent in this place.
 C = Inter-level travel time spent in this place.
 D = Time resting spent in this place.
 E = Time spent auto-exploring this place.
 F = Levels seen in this place.
 G = Mean time per level.
                   A        B        C        D        E       F      G
               +--------+--------+--------+--------+--------+-----+--------+
         Total |   2362 |   2074 |    288 |      0 |   1666 |   3 |  787.3 |
       Dungeon |   2362 |   2074 |    288 |      0 |   1666 |   3 |  787.3 |
               +--------+--------+--------+--------+--------+-----+--------+

Top non-repeatable levels by time:
     D:2: 1011 daAuts
     D:3: 721 daAuts
     D:1: 629 daAuts
